 Dungeon Crawl Stone Soup version 0.21-a0-444-g29a2fec (webtiles) character file.

551 theanonym the Cudgeler (level 7, -2/41 HPs)
             Began as a Gargoyle Fighter on Nov 17, 2017.
             Slain by an ogre
             ... wielding a cursed -1 giant club
              (16 damage)
             ... on level 4 of the Dungeon.
             The game lasted 00:04:25 (2724 turns).

theanonym the Cudgeler (Gargoyle Fighter)           Turns: 2724, Time: 00:04:25

Health: -2/41      AC: 16    Str: 22    XL:     7   Next: 29%
Magic:  7/7        EV:  4    Int:  8    God:
Gold:   228        SH: 10    Dex:  9    Spells: 6/6 levels left

rFire    . . .     SeeInvis .   a - +1 flail
rCold    . . .     Gourm    .   c - +1 shield
rNeg     + . .     Faith    .   y - +0 plate armour
rPois    ∞         Spirit   .   (no helmet)
rElec    +         Reflect  .   (no cloak)
rCorr    .         Harm     .   (no gloves)
MR       .....                  (no boots)
Stlth    ..........             (no amulet)
HPRegen  0.13/turn              (no ring)
MPRegen  0.10/turn              (no ring)

@: no status effects
A: negative energy resistance 1, electricity resistance, unbreathing,
petrification resistance, rot immunity, AC +4
a: no special abilities


Innate Abilities, Weirdness & Mutations

You are resistant to torment.
Your stone body is resilient. (AC +4)
You are immune to poison.
You resist negative energy. (rN+)
You are resistant to electric shocks. (rElec)
You can survive without breathing.
You are immune to petrification.
You are immune to rotting.


   Skills:
 - Level 3.2 Fighting
 + Level 7.8 Maces & Flails
 - Level 3.2 Armour
 - Level 3.2 Shields


You had 6 spell levels left.
You didn't know any spells.

Skill      XL: |  1  2  3  4  5  6 |
---------------+-------------------+-----
Maces & Flails | 3 4 5 6 7 |  7.8
Fighting       | |  3.2
Armour         | |  3.2
Shields        | |  3.2

Action                   |  1- 3 |  4- 6 |  7- 9 || total
-------------------------+-------+-------+-------++-------
Melee: Flail             |   110 |   195 |    20 ||   325
Throw: Tomahawk          |       |       |     2 ||     2
  Use: Scroll            |       |    11 |       ||    11
  Eat: Chunk             |       |     6 |       ||     6
Armor: Scale mail        |    65 |    32 |       ||    97
       Plate armour      |       |    87 |     6 ||    93
Dodge: Dodged            |    49 |    38 |     4 ||    91
Block: Shield            |    63 |   100 |     8 ||   171

Inventory:

Hand Weapons
 a - a +1 flail (weapon)
 x - a +0 shortbow
   (You found it on level 4 of the Dungeon)
Missiles
 n - 96 arrows
 p - 50 bolts
 w - 7 tomahawks of returning (quivered)
Armour
 b - a +0 scale mail
 c - a +1 shield (worn)
 y - a +0 plate armour (worn)
   (You found it on level 2 of the Dungeon)
Jewellery
 g - an uncursed amulet of rage {+Rage}
   (You found it on level 3 of the Dungeon)
Scrolls
 e - a scroll of random uselessness {unknown}
 m - a scroll of enchant armour
 r - 2 scrolls of identify
 s - a scroll of magic mapping {unknown}
 t - 3 scrolls of remove curse
 v - a scroll of fog {unknown}
Potions
 d - 3 potions of might
 h - a potion of mutation
 j - a potion of lignification {unknown}
 l - a potion of brilliance {unknown}
 o - a potion of agility {unknown}
 q - 2 potions of haste
 z - a potion of resistance {unknown}
 B - 2 potions of cancellation {unknown}
 C - a potion of invisibility {unknown}
Comestibles
 f - 4 bread rations
 i - 8 chunks of flesh
 k - 2 royal jellies
 u - 2 meat rations
 A - 4 fruits

Dungeon Overview and Level Annotations

Branches:
Dungeon (4/15)
 Temple: D:4-7

Altars:

Shops:
D:4 *


You were on level 4 of the Dungeon.
You were not hungry.

You visited 1 branch of the dungeon, and saw 4 of its levels.

You collected 228 gold pieces.


Message History

The tomahawk of returning hits the ogre.
The tomahawk of returning fails to return to your pack!
You hit the ogre. The ogre hits you with a giant club!
You take 8 damage, and have 31/41 hp.
You hit the ogre. You block the ogre's attack.
You thump the ogre! The ogre hits you but does no damage.
You bludgeon the ogre!!
You kill the ogre!
Things that are here:
a giant club; an ogre corpse A worker ant comes into view.
You see here a tomahawk of returning.
A worker ant is nearby!
The worker ant twitches its antennae in your direction.
The worker ant barely misses you. The worker ant bites you.
You take 2 damage, and have 30/41 hp.
You closely miss the worker ant.
The worker ant bites you but does no damage.
You completely miss the worker ant.
The worker ant bites you but does no damage.
You sock the worker ant! You block the worker ant's attack.
The worker ant completely misses you.
You closely miss the worker ant.
The worker ant bites you but does no damage.
You barely miss the worker ant.
The worker ant bites you but does no damage.
You hit the worker ant. You block the worker ant's attack. x2
You hit the worker ant but do no damage.
The worker ant bites you but does no damage.
You closely miss the worker ant. You block the worker ant's attack.
Your shield and plate armour prevent you from hitting the worker ant.
The worker ant closely misses you. You block the worker ant's attack.
You closely miss the worker ant. You block the worker ant's attack.
You sock the worker ant!
You kill the worker ant!
No target in view!
No target in view!
You start resting.
You hear the slow hiss of a very distant avalanche of sand.
You regained 3 hp, and now have 35/41 hp.
t - 3 scrolls of remove curse (gained 1)
You now have 221 gold pieces (gained 9).
Things that are here:
a rapier; a leather armour; the human corpse of Eustachio You butcher the human corpse of Eustachio.
i - a chunk of flesh
Things that are here:
a rapier; a leather armour; the human skeleton of Eustachio
Things that are here:
a rapier; a leather armour; the human skeleton of Eustachio You butcher the worker ant corpse.
i - 2 chunks of flesh (gained 1)
You butcher the ogre corpse.
i - 8 chunks of flesh (gained 6)
Things that are here:
a giant club; an ogre skeleton
Things that are here:
a giant club; an ogre skeleton
w - 8 tomahawks of returning (gained 1)
Found 14 poisoned needles.
e - a scroll labeled FARUAG ULOREUNANO
Found a stone staircase leading down.
Found 21 stones.
Found a shortbow.
You now have 228 gold pieces (gained 7).
s - a scroll labeled FOCESS RUCA
v - a scroll labeled LESUVUXURE
Found a chain mail.
Found Xecij's General Store.
There is a stone staircase leading down here.
You see here a shortbow.
x - a shortbow
There is an entrance to Xecij's General Store here.
Health restored: 41 You hear the slow hiss of a very distant avalanche of sand.
z - a bubbling ruby potion
u - 2 meat rations (gained 1)
An ogre comes into view. It is wielding a giant club.
An ogre is nearby!
You see here a glowing platinum amulet.
Aim: an ogre, wielding a giant club You throw a tomahawk of returning.
The tomahawk of returning hits the ogre but does no damage.
The tomahawk of returning fails to return to your pack!
The ogre hits you with a giant club!
You take 17 damage, and have 24/41 hp.
MASSIVE DAMAGE!!
You are too injured to fight recklessly!
You are too injured to fight recklessly!
You are too injured to fight recklessly!
You are too injured to fight recklessly!
You are too injured to fight recklessly!
You thump the ogre!
Your plate armour prevents you from hitting the ogre.
You block the ogre's attack.
You hit the ogre. The ogre hits you with a giant club!
* * * LOW HITPOINT WARNING * * *
You take 11 damage, and have 14/41 hp.
MASSIVE DAMAGE!!
Your shield and plate armour prevent you from hitting the ogre.
The ogre barely misses you.
You hit the ogre. The ogre hits you with a giant club!
You die...

#### ######## ..#
#....... #.# ###.######
####.#####........#
#.........#........
..####.#...####.#.####.[
.....(O@........#.# #∩.
..####.#...######.####..
#.##.#######....... #.
#.#.........##.. #.
#.#.#######.##.. #. #..
###.##>. #. #.. #.......
.. .... #.##.......
#..........


You could see an ogre.

Notes
Turn   | Place    | Note
-------+----------+-------------------------------------------
     0 | D:1      | theanonym the Gargoyle Fighter began the quest for the Orb.
     0 | D:1      | Reached XP level 1. HP: 14/14 MP: 1/1
   126 | D:1      | Reached XP level 2. HP: 17/19 MP: 2/2
   145 | D:1      | Reached skill level 3 in Maces & Flails
   251 | D:1      | Reached XP level 3. HP: 23/23 MP: 3/3
   576 | D:1      | Reached skill level 4 in Maces & Flails
   750 | D:2      | Reached XP level 4. HP: 18/28 MP: 4/4
  1265 | D:2      | Reached skill level 5 in Maces & Flails
  1445 | D:2      | Reached XP level 5. HP: 32/32 MP: 5/5
  2114 | D:3      | Noticed Jessica
  2128 | D:3      | Killed Jessica
  2151 | D:3      | Reached skill level 6 in Maces & Flails
  2151 | D:3      | Reached XP level 6. HP: 23/37 MP: 6/6
  2563 | D:4      | Noticed Eustachio
  2573 | D:4      | Killed Eustachio
  2573 | D:4      | Reached skill level 7 in Maces & Flails
  2575 | D:4      | Reached XP level 7. HP: 35/41 MP: 7/7
  2684 | D:4      | Found Xecij's General Store.
  2722 | D:4      | HP: 14/41 [ogre/giant club (11)]
  2724 | D:4      | Slain by an ogre

Vanquished Creatures
  Eustachio (D:4)
  An ogre (D:4)
  A scorpion (D:3)
  An orc priest (D:3)
  A bullfrog skeleton (D:4)
  Jessica (D:3)
  3 worker ants
  3 adders
  4 oozes
  4 dart slugs
  2 leopard geckos (D:3)
  4 orcs (D:3)
  A ball python (D:1)
  9 bats
  2 giant cockroaches (D:2)
  9 goblins
  10 hobgoblins
  2 jackals (D:2)
  5 kobolds
  6 frilled lizards
  9 rats
79 creatures vanquished.

Vanquished Creatures (others)
  3 jackals (D:3)
3 creatures vanquished.

Grand Total: 82 creatures vanquished
